3186 views
Uploaded 2020-04-17 17:24:17
Game version 1.32.3
15:25 long 3on3 ladder game on (8)Battleground_LV
Saved by BEARAND
3186 views
Uploaded 2020-04-17 17:24:17
Game version 1.32.3
15:25 long 3on3 ladder game on (8)Battleground_LV


78 units @ 9.5k
/ 1.3k
49 buildings @ 6.7k
/ 2.7k


| Dust of Appearance | 2 | 150 |
| total: | 2 | 150g |
| Wisp | 8 | 480 | / | 0 |
| Archer | 9 | 1170 | / | 90 |
| Druid of the Talon | 7 | 1015 | / | 140 |
| Dryad | 3 | 435 | / | 180 |
| total: | 27 | 3100g | / | 410w |
| Altar of Elders | 1 | 180 | / | 50 |
| Moon Well | 5 | 900 | / | 200 |
| Ancient of War | 1 | 150 | / | 60 |
| Ancient of Wonders | 1 | 90 | / | 30 |
| Hunter's Hall | 1 | 210 | / | 100 |
| Ancient of Wind | 1 | 150 | / | 140 |
| Ancient of Lore | 1 | 155 | / | 145 |
| Tree of Ages | 1 | 320 | / | 180 |
| Tree of Eternity | 1 | 330 | / | 200 |
| total: | 11 | 1835g | / | 725w |
| 0:05 | Altar of Elders |
| 0:10 | Moon Well |
| 0:12 | Wisp |
| 0:28 | Ancient of War |
| 0:31 | Wisp |
| 0:42 | Wisp |
| 0:56 | Wisp |
| 1:15 | Wisp |
| 1:22 | Wisp |
| 1:24 | Wisp |
| 1:24 | Wisp |
| 1:30 | Archer |
| 1:44 | Moon Well |
| 1:57 | Archer |
| 2:10 | Entangling Roots |
| 2:17 | Ancient of Wonders |
| 4:38 | Dust of Appearance |
| 4:47 | Moon Well |
| 4:49 | Archer |
| 4:50 | Tree of Ages |
| 5:29 | Archer |
| 5:29 | Archer |
| 5:36 | Thorns Aura |
| 5:44 | Moon Well |
| 7:06 | Moon Well |
| 7:12 | Ancient of Wind |
| 7:21 | Tree of Eternity |
| 7:27 | Archer |
| 7:56 | Hunter's Hall |
| 8:10 | Dust of Appearance |
| 8:19 | Druid of the Talon |
| 8:19 | Druid of the Talon |
| 8:23 | Searing Arrows |
| 9:18 | Entangling Roots |
| 9:30 | Druid of the Talon |
| 9:30 | Druid of the Talon |
| 9:39 | Ancient of Lore |
| 10:03 | Archer |
| 10:05 | Druid of the Talon |
| 11:47 | Archer |
| 11:48 | Druid of the Talon |
| 11:49 | Dryad |
| 11:50 | Dryad |
| 12:14 | Archer |
| 12:15 | Druid of the Talon |
| 12:16 | Dryad |
| 12:20 | Scout |
| 13:12 | Hardened Skin |
| 13:12 | Resistant Skin |
| Right click | 461 |
| Select | 138 |
| Assign group | 73 |
| Build/train/purchase | 46 |
| Use ability | 19 |
| Select group | 16 |


| Healing Salve | 1 | 100 |
| Scroll of Speed | 1 | 50 |
| Lesser Clarity Potion | 2 | 140 |
| Dust of Appearance | 1 | 75 |
| Potion of Lesser Invulnerability | 1 | 150 |
| total: | 6 | 515g |
| Peon | 14 | 1050 | / | 0 |
| Troll Headhunter | 8 | 1120 | / | 160 |
| Shaman | 3 | 390 | / | 60 |
| Troll Berserker | 4 | 560 | / | 80 |
| total: | 29 | 3120g | / | 300w |
| Watch Tower | 6 | 660 | / | 480 |
| Altar of Storms | 1 | 180 | / | 50 |
| Orc Burrow | 6 | 960 | / | 240 |
| War Mill | 1 | 205 | / | 0 |
| Barracks | 1 | 180 | / | 50 |
| Voodoo Lounge | 1 | 130 | / | 30 |
| Great Hall | 1 | 385 | / | 185 |
| Spirit Lodge | 2 | 300 | / | 300 |
| Stronghold | 1 | 315 | / | 190 |
| Fortress | 1 | 325 | / | 190 |
| total: | 19 | 3000g | / | 1335w |
| 0:04 | Peon |
| 0:06 | Peon |
| 0:13 | Peon |
| 0:29 | Altar of Storms |
| 0:32 | Peon |
| 0:40 | Orc Burrow |
| 0:45 | War Mill |
| 0:48 | Peon |
| 1:21 | Barracks |
| 1:35 | Peon |
| 1:36 | Peon |
| 1:46 | Peon |
| 1:51 | Orc Burrow |
| 2:22 | Troll Headhunter |
| 2:28 | Troll Headhunter |
| 2:34 | Endurance Aura |
| 2:57 | Troll Headhunter |
| 3:22 | Stronghold |
| 3:24 | Troll Headhunter |
| 4:10 | Troll Headhunter |
| 4:12 | Troll Headhunter |
| 4:20 | Steel Ranged Weapons |
| 4:22 | Troll Headhunter |
| 4:29 | Orc Burrow |
| 4:53 | Steel Armor |
| 5:31 | Troll Headhunter |
| 5:38 | War Stomp |
| 5:52 | Voodoo Lounge |
| 6:43 | Troll Regeneration |
| 6:44 | Fortress |
| 7:07 | Great Hall |
| 7:20 | Watch Tower |
| 7:59 | Healing Salve |
| 8:00 | Scroll of Speed |
| 8:01 | Lesser Clarity Potion |
| 8:22 | Spirit Lodge |
| 8:45 | Watch Tower |
| 8:49 | Orc Burrow |
| 8:50 | Orc Burrow |
| 8:53 | Lesser Clarity Potion |
| 8:56 | Hex |
| 9:25 | Potion of Lesser Invulnerability |
| 9:35 | Berserker Upgrade |
| 9:36 | Shaman Adept Training |
| 10:06 | Shaman |
| 10:11 | Orc Burrow |
| 10:56 | Shaman Master Training |
| 10:58 | Troll Berserker |
| 11:30 | Troll Berserker |
| 11:33 | Shaman |
| 11:56 | Healing Wave |
| 12:05 | Troll Berserker |
| 12:05 | Troll Berserker |
| 12:14 | Spirit Lodge |
| 12:31 | Dust of Appearance |
| 12:41 | Shaman |
| 12:56 | Peon |
| 12:56 | Peon |
| 12:56 | Peon |
| 13:30 | Peon |
| 13:34 | Watch Tower |
| 13:36 | Witch Doctor Adept Training |
| 14:10 | Watch Tower |
| 14:15 | Watch Tower |
| 14:18 | Watch Tower |
| 15:15 | Peon |
| 15:15 | Peon |
| Right click | 483 |
| Select group | 273 |
| Select | 233 |
| Build/train/purchase | 60 |
| Assign group | 26 |
| Use ability | 13 |


| Lesser Clarity Potion | 1 | 70 |
| total: | 1 | 70g |
| Peasant | 8 | 600 | / | 0 |
| Footman | 1 | 135 | / | 0 |
| Rifleman | 7 | 1435 | / | 210 |
| Mortar Team | 6 | 1080 | / | 420 |
| total: | 22 | 3250g | / | 630w |
| Scout Tower | 1 | 30 | / | 20 |
| Arcane Tower | 1 | 70 | / | 50 |
| Altar of Kings | 1 | 180 | / | 50 |
| Farm | 12 | 960 | / | 240 |
| Barracks | 2 | 320 | / | 120 |
| Blacksmith | 1 | 140 | / | 60 |
| Arcane Vault | 1 | 130 | / | 30 |
| Workshop | 1 | 140 | / | 140 |
| Keep | 1 | 320 | / | 210 |
| Castle | 1 | 360 | / | 210 |
| total: | 19 | 1900g | / | 660w |
| 0:03 | Peasant |
| 0:03 | Peasant |
| 0:04 | Peasant |
| 0:14 | Altar of Kings |
| 0:18 | Farm |
| 0:36 | Barracks |
| 0:42 | Peasant |
| 0:47 | Peasant |
| 0:56 | Farm |
| 1:03 | Peasant |
| 1:51 | Blacksmith |
| 1:53 | Footman |
| 2:04 | Arcane Vault |
| 2:05 | Peasant |
| 2:06 | Peasant |
| 2:11 | Farm |
| 2:21 | Blizzard |
| 2:38 | Farm |
| 3:51 | Rifleman |
| 3:51 | Rifleman |
| 4:00 | Scout Tower |
| 4:18 | Barracks |
| 4:24 | Arcane Tower |
| 4:29 | Lesser Clarity Potion |
| 4:49 | Keep |
| 5:16 | Rifleman |
| 5:48 | Rifleman |
| 6:43 | Brilliance Aura |
| 7:10 | Long Rifles |
| 7:13 | Workshop |
| 7:16 | Rifleman |
| 7:22 | Farm |
| 7:22 | Farm |
| 7:23 | Farm |
| 7:41 | Farm |
| 8:28 | Rifleman |
| 8:30 | Flare |
| 8:31 | Mortar Team |
| 8:31 | Mortar Team |
| 8:44 | Black Gunpowder |
| 10:09 | Mortar Team |
| 10:11 | Castle |
| 10:38 | Flame Strike |
| 11:45 | Mortar Team |
| 11:45 | Mortar Team |
| 11:47 | Rifleman |
| 12:23 | Refined Gunpowder |
| 12:45 | Fragmentation Shards |
| 13:08 | Mortar Team |
| 13:15 | Farm |
| 13:15 | Farm |
| 13:37 | Blizzard |
| 13:45 | Farm |
| 13:46 | Farm |
| Right click | 358 |
| Select group | 265 |
| Select | 164 |
| Build/train/purchase | 41 |
| Assign group | 20 |
| Use ability | 15 |
| Minimap ping | 7 |
| Item give/drop | 1 |
53 units @ 5.1k
/ 0.2k
129 buildings @ 10.4k
/ 5.4k


| Potion of Healing | 2 | 300 |
| Staff of Teleportation | 2 | 300 |
| Boots of Speed | 2 | 500 |
| Healing Salve | 1 | 100 |
| Orb of Corruption | 1 | 375 |
| total: | 8 | 1575g |
| Peasant | 15 | 1125 | / | 0 |
| Priest | 1 | 135 | / | 10 |
| total: | 16 | 1260g | / | 10w |
| Scout Tower | 68 | 2040 | / | 1360 |
| Arcane Tower | 3 | 210 | / | 150 |
| Guard Tower | 62 | 4340 | / | 3100 |
| Altar of Kings | 1 | 180 | / | 50 |
| Farm | 4 | 320 | / | 80 |
| Lumber Mill | 1 | 120 | / | 0 |
| Town Hall | 1 | 385 | / | 205 |
| Arcane Vault | 3 | 390 | / | 90 |
| Blacksmith | 1 | 140 | / | 60 |
| Arcane Sanctum | 1 | 150 | / | 140 |
| Gryphon Aviary | 1 | 140 | / | 150 |
| Keep | 1 | 320 | / | 210 |
| Castle | 2 | 720 | / | 420 |
| total: | 81 | 3865g | / | 2135w |
| 0:03 | Peasant |
| 0:03 | Peasant |
| 0:03 | Peasant |
| 0:07 | Altar of Kings |
| 0:13 | Peasant |
| 0:20 | Farm |
| 0:28 | Peasant |
| 0:53 | Lumber Mill |
| 0:56 | Peasant |
| 1:07 | Peasant |
| 1:19 | Scout Tower |
| 1:24 | Farm |
| 1:28 | Peasant |
| 1:31 | Scout Tower |
| 1:39 | Peasant |
| 1:47 | Arcane Tower |
| 1:49 | Peasant |
| 2:02 | Scout Tower |
| 2:08 | Scout Tower |
| 2:09 | Blizzard |
| 2:12 | Guard Tower |
| 2:13 | Scout Tower |
| 2:25 | Peasant |
| 2:25 | Peasant |
| 2:25 | Peasant |
| 2:37 | Arcane Tower |
| 2:37 | Scout Tower |
| 2:38 | Scout Tower |
| 2:47 | Guard Tower |
| 2:58 | Peasant |
| 3:06 | Guard Tower |
| 3:07 | Scout Tower |
| 3:07 | Scout Tower |
| 3:29 | Guard Tower |
| 3:30 | Guard Tower |
| 3:31 | Scout Tower |
| 3:40 | Staff of Teleportation |
| 3:40 | Boots of Speed |
| 4:21 | Guard Tower |
| 4:22 | Scout Tower |
| 4:23 | Scout Tower |
| 4:24 | Scout Tower |
| 4:25 | Keep |
| 4:27 | Guard Tower |
| 4:27 | Guard Tower |
| 4:28 | Scout Tower |
| 4:55 | Guard Tower |
| 4:56 | Scout Tower |
| 4:57 | Scout Tower |
| 4:57 | Scout Tower |
| 5:00 | Scout Tower |
| 5:01 | Scout Tower |
| 5:01 | Scout Tower |
| 5:02 | Improved Masonry |
| 5:04 | Farm |
| 5:04 | Farm |
| 5:08 | Guard Tower |
| 5:35 | Guard Tower |
| 5:40 | Scout Tower |
| 5:41 | Scout Tower |
| 5:42 | Scout Tower |
| 5:43 | Scout Tower |
| 5:44 | Brilliance Aura |
| 5:48 | Guard Tower |
| 5:50 | Scout Tower |
| 5:51 | Scout Tower |
| 5:51 | Scout Tower |
| 5:58 | Guard Tower |
| 6:27 | Guard Tower |
| 6:36 | Guard Tower |
| 6:38 | Scout Tower |
| 6:39 | Scout Tower |
| 6:39 | Scout Tower |
| 6:40 | Scout Tower |
| 6:50 | Healing Salve |
| 7:12 | Guard Tower |
| 7:34 | Guard Tower |
| 7:45 | Guard Tower |
| 7:46 | Scout Tower |
| 7:46 | Scout Tower |
| 7:47 | Scout Tower |
| 7:47 | Scout Tower |
| 8:22 | Town Hall |
| 8:25 | Scout Tower |
| 8:32 | Storm Bolt |
| 8:35 | Guard Tower |
| 8:45 | Advanced Masonry |
| 8:47 | Arcane Tower |
| 8:51 | Arcane Sanctum |
| 9:11 | Arcane Vault |
| 9:15 | Guard Tower |
| 9:16 | Scout Tower |
| 9:16 | Scout Tower |
| 9:17 | Blizzard |
| 9:29 | Guard Tower |
| 9:30 | Scout Tower |
| 9:54 | Guard Tower |
| 9:55 | Scout Tower |
| 9:56 | Scout Tower |
| 9:56 | Scout Tower |
| 10:04 | Guard Tower |
| 10:05 | Guard Tower |
| 10:05 | Guard Tower |
| 10:08 | Scout Tower |
| 10:32 | Scout Tower |
| 10:32 | Scout Tower |
| 10:44 | Magic Sentry |
| 10:44 | Priest |
| 10:50 | Potion of Healing |
| 10:54 | Guard Tower |
| 11:03 | Guard Tower |
| 11:03 | Guard Tower |
| 11:26 | Bash |
| 11:33 | Guard Tower |
| 11:33 | Scout Tower |
| 11:34 | Scout Tower |
| 11:35 | Guard Tower |
| 11:35 | Scout Tower |
| 11:36 | Scout Tower |
| 11:45 | Guard Tower |
| 11:45 | Scout Tower |
| 11:46 | Scout Tower |
| 11:51 | Guard Tower |
| 11:52 | Scout Tower |
| 11:53 | Scout Tower |
| 11:53 | Scout Tower |
| 11:53 | Scout Tower |
| 12:06 | Improved Lumber Harvesting |
| 12:10 | Castle |
| 12:15 | Guard Tower |
| 12:16 | Guard Tower |
| 12:23 | Guard Tower |
| 12:24 | Scout Tower |
| 12:28 | Peasant |
| 12:37 | Guard Tower |
| 12:37 | Guard Tower |
| 12:39 | Scout Tower |
| 12:40 | Scout Tower |
| 12:41 | Scout Tower |
| 12:55 | Gryphon Aviary |
| 12:56 | Blacksmith |
| 13:00 | Guard Tower |
| 13:06 | Arcane Vault |
| 13:17 | Scout Tower |
| 13:17 | Scout Tower |
| 13:18 | Scout Tower |
| 13:19 | Scout Tower |
| 13:29 | Arcane Vault |
| 13:31 | Guard Tower |
| 13:31 | Guard Tower |
| 13:36 | Staff of Teleportation |
| 13:48 | Boots of Speed |
| 13:57 | Guard Tower |
| 13:57 | Guard Tower |
| 14:09 | Guard Tower |
| 14:10 | Scout Tower |
| 14:11 | Guard Tower |
| 14:12 | Scout Tower |
| 14:17 | Scout Tower |
| 14:18 | Scout Tower |
| 14:19 | Scout Tower |
| 14:41 | Guard Tower |
| 14:42 | Guard Tower |
| 15:17 | Potion of Healing |
| 15:20 | Orb of Corruption |
| Right click | 1307 |
| Select | 356 |
| Select group | 289 |
| Build/train/purchase | 150 |
| Use ability | 35 |
| Assign group | 13 |
| Misc. action | 10 |
| Minimap ping | 7 |
| Item give/drop | 6 |



| Rod of Necromancy | 1 | 150 |
| Lesser Clarity Potion | 1 | 70 |
| Orb of Corruption | 2 | 750 |
| Staff of Teleportation | 1 | 150 |
| Healing Salve | 1 | 100 |
| total: | 6 | 1220g |
| Acolyte | 8 | 600 | / | 0 |
| Ghoul | 10 | 1200 | / | 0 |
| Obsidian Statue | 2 | 400 | / | 70 |
| total: | 20 | 2200g | / | 70w |
| Nerubian Tower | 1 | 100 | / | 20 |
| Crypt | 1 | 200 | / | 50 |
| Altar of Darkness | 1 | 180 | / | 50 |
| Ziggurat | 5 | 750 | / | 250 |
| Tomb of Relics | 3 | 390 | / | 90 |
| Graveyard | 1 | 215 | / | 0 |
| Slaughterhouse | 1 | 140 | / | 135 |
| Halls of the Dead | 1 | 320 | / | 210 |
| Black Citadel | 1 | 325 | / | 230 |
| total: | 12 | 1875g | / | 575w |
| 0:01 | Acolyte |
| 0:01 | Acolyte |
| 0:10 | Crypt |
| 0:13 | Altar of Darkness |
| 0:32 | Ziggurat |
| 1:13 | Ghoul |
| 1:22 | Ziggurat |
| 1:26 | Ghoul |
| 1:33 | Tomb of Relics |
| 1:38 | Ghoul |
| 2:02 | Ghoul |
| 2:14 | Ghoul |
| 2:20 | Death Coil |
| 2:56 | Acolyte |
| 2:57 | Ghoul |
| 3:33 | Ghoul |
| 3:34 | Ghoul |
| 3:34 | Acolyte |
| 4:32 | Ziggurat |
| 4:34 | Halls of the Dead |
| 4:49 | Staff of Teleportation |
| 5:06 | Rod of Necromancy |
| 6:08 | Ghoul |
| 6:13 | Unholy Aura |
| 6:35 | Ghoul |
| 6:39 | Graveyard |
| 6:55 | Acolyte |
| 6:55 | Acolyte |
| 7:26 | Ziggurat |
| 7:38 | Acolyte |
| 7:38 | Acolyte |
| 8:13 | Lesser Clarity Potion |
| 8:14 | Healing Salve |
| 8:41 | Silence |
| 8:46 | Nerubian Tower |
| 8:48 | Ziggurat |
| 8:51 | Slaughterhouse |
| 9:58 | Death Coil |
| 10:09 | Obsidian Statue |
| 10:10 | Black Citadel |
| 10:58 | Tomb of Relics |
| 11:00 | Tomb of Relics |
| 11:01 | Obsidian Statue |
| 12:37 | Cannibalize |
| 12:38 | Ghoul Frenzy |
| 12:44 | Orb of Corruption |
| 12:56 | Web |
| 13:19 | Life Drain |
| 14:06 | Rain of Fire |
| 14:19 | Orb of Corruption |
| Right click | 1076 |
| Select | 667 |
| Assign group | 214 |
| Select group | 197 |
| Build/train/purchase | 56 |
| Resource trade | 50 |
| Use ability | 38 |
| Misc. action | 8 |
| Minimap ping | 8 |
| Item give/drop | 2 |
| Remove unit | 1 |


| Healing Salve | 2 | 200 |
| Lesser Clarity Potion | 1 | 70 |
| Boots of Speed | 2 | 500 |
| Circlet of Nobility | 1 | 175 |
| Staff of Teleportation | 1 | 150 |
| Orb of Corruption | 1 | 375 |
| total: | 8 | 1470g |
| Peon | 13 | 975 | / | 0 |
| Troll Batrider | 4 | 640 | / | 160 |
| total: | 17 | 1615g | / | 160w |
| Watch Tower | 25 | 2750 | / | 2000 |
| Altar of Storms | 1 | 180 | / | 50 |
| Orc Burrow | 4 | 640 | / | 160 |
| Voodoo Lounge | 2 | 260 | / | 60 |
| War Mill | 1 | 205 | / | 0 |
| Great Hall | 1 | 385 | / | 185 |
| Beastiary | 2 | 290 | / | 280 |
| Stronghold | 1 | 315 | / | 190 |
| Fortress | 1 | 325 | / | 190 |
| total: | 36 | 4710g | / | 2735w |
| 0:03 | Peon |
| 0:03 | Peon |
| 0:03 | Peon |
| 0:05 | Altar of Storms |
| 0:12 | Orc Burrow |
| 0:26 | Peon |
| 0:44 | Peon |
| 1:08 | Peon |
| 1:08 | Peon |
| 1:19 | Voodoo Lounge |
| 1:24 | War Mill |
| 1:34 | Peon |
| 1:43 | Peon |
| 1:58 | Peon |
| 2:05 | Wind Walk |
| 2:09 | Orc Burrow |
| 2:13 | Peon |
| 2:41 | Watch Tower |
| 2:42 | Watch Tower |
| 2:49 | Spiked Barricades |
| 2:50 | Healing Salve |
| 2:59 | Peon |
| 3:00 | Peon |
| 4:21 | Stronghold |
| 4:55 | Boots of Speed |
| 4:55 | Circlet of Nobility |
| 5:03 | Watch Tower |
| 5:04 | Watch Tower |
| 5:04 | Watch Tower |
| 5:08 | Watch Tower |
| 5:09 | Watch Tower |
| 5:19 | Voodoo Lounge |
| 5:26 | Lesser Clarity Potion |
| 5:28 | Healing Salve |
| 6:44 | Fortress |
| 6:50 | Critical Strike |
| 7:40 | Hex |
| 7:47 | Beastiary |
| 7:47 | Beastiary |
| 7:50 | Orc Burrow |
| 7:52 | Orc Burrow |
| 8:52 | Reinforced Defenses |
| 9:03 | Troll Batrider |
| 9:12 | Wind Walk |
| 9:14 | Healing Wave |
| 9:19 | Great Hall |
| 9:31 | Watch Tower |
| 9:32 | Watch Tower |
| 10:05 | Watch Tower |
| 10:06 | Watch Tower |
| 10:09 | Troll Batrider |
| 10:49 | Watch Tower |
| 10:50 | Watch Tower |
| 11:05 | Staff of Teleportation |
| 11:36 | Watch Tower |
| 11:36 | Watch Tower |
| 11:39 | Troll Batrider |
| 12:11 | Boots of Speed |
| 12:17 | Watch Tower |
| 12:35 | Orb of Corruption |
| 12:43 | Watch Tower |
| 12:45 | Watch Tower |
| 12:45 | Watch Tower |
| 12:48 | Troll Batrider |
| 13:33 | Watch Tower |
| 13:53 | Watch Tower |
| 13:53 | Watch Tower |
| 13:55 | Watch Tower |
| 13:57 | Watch Tower |
| 13:58 | Watch Tower |
| 14:43 | Critical Strike |
| Right click | 1359 |
| Select group | 752 |
| Select | 115 |
| Build/train/purchase | 66 |
| Use ability | 24 |
| Misc. action | 22 |
| Resource trade | 12 |
| Assign group | 9 |
| Chat | 8 |
| Minimap ping | 6 |
| Item give/drop | 5 |
⇛